AoeStats
← Bandolero

Arabia

508215152Analyzed
1v1 RM · 11d ago on Sep 21, 2026· 42m 1s· 2 players
Game mode
Random Map
Map size
Tiny (2 player)
Population
200
Speed
Normal
Resources
Standard
Victory
Conquest
Starting age
Dark Age
Ending age
Imperial Age
RankedLock teamsTeams togetherTeam positionsShared explorationLock speedFull tech treeHidden civsTurbo modeCheats
Victory
Defeat
🇫🇮 Sicilians · Finland
1481
+13
🇦🇷 Berbers · Argentina
1422
-13
olento
5:23 Loom
10:58 Feudal Age
11:49 Horse Collar
12:10 Double-Bit Axe
19:53 Castle Age
18:21 Gold Mining
19:01 Bloodlines
19:28 Scale Barding Armor
19:49 Town Watch
20:22 Forging
22:25 Bow Saw
25:06 Heavy Plow
27:03 Wheelbarrow
28:07 Stone Mining
30:23 Pikeman
33:55 Imperial Age
31:43 Hand Cart
31:30 Squires
31:43 Scale Mail Armor
32:19 Iron Casting
32:42 Iron Casting
33:47 Chain Mail Armor
34:26 Halberdier
35:37 Plate Mail Armor
37:17 Blast Furnace
36:07 Light Cavalry
37:09 Chain Barding Armor
37:22 Conscription
37:23 Masonry
40:27 Plate Barding Armor
40:18 Husbandry
41:42 First Crusade
Bandolero
6:29 Loom
9:19 Feudal Age
9:54 Double-Bit Axe
19:36 Castle Age
17:59 Gold Mining
19:02 Bloodlines
18:59 Horse Collar
19:32 Scale Barding Armor
19:37 Forging
21:06 Bow Saw
21:10 Stone Mining
27:57 Wheelbarrow
28:24 Husbandry
28:59 Redemption
29:37 Town Watch
34:06 Imperial Age
32:35 Stone Shaft Mining
31:56 Fletching
32:07 Padded Archer Armor
32:49 Bodkin Arrow
33:34 Leather Archer Armor
33:52 Ballistics
33:49 Kasbah
34:55 Gold Shaft Mining
34:47 Bracer
35:19 Ring Archer Armor
35:51 Chemistry
35:42 Conscription
35:46 Elite Camel Archer
Connection lost

Rejoining the realm…

Still unreachable

The connection could not be restored.

Session expired

The server has moved on; the page needs a fresh start.